 Dungeon Crawl Stone Soup version 0.30.1-11-g7821555f0a (webtiles) character file.

Game seed: 9132841556630400586

1242 monsoonserge the Covered (level 8, -8/46 HPs)
             Began as a Tengu Reaver on Nov 17, 2023.
             Was an Initiate of Kikubaaqudgha.
             Killed by divine providence
             ... invoked by an orc priest
              (13 damage)
             ... on level 7 of the Dungeon.
             The game lasted 00:21:11 (4821 turns).

monsoonserge the Covered (Tengu Reaver)             Turns: 4821, Time: 00:21:12

Health: -8/46      AC: 13    Str: 20    XL:     8   Next: 49%
Magic:  1/13       EV: 14    Int: 15    God:    Kikubaaqudgha [......]
Gold:   235        SH:  0    Dex: 12    Spells: 8/13 levels left

rFire   . . .        p - +3 quarterstaff (chaos)
rCold   . . .        (shield currently unavailable)
rNeg    . . .        t - +4 ring mail
rPois   .            D - +2 hat
rElec   .            q - +0 cloak
rCorr   .            (no gloves)
SInv    .            (boots unavailable)
Will    +....        (no amulet)
Stlth   +            y - +6 ring of strength
HPRegen 0.27/turn    z - ring of willpower
MPRegen 0.13/turn

%: no passive effects
@: flying quickly and evasively, quick
A: beak, talons 3, nimble flight
a: Renounce Religion


You were on level 7 of the Dungeon.
You worshipped Kikubaaqudgha.
Kikubaaqudgha was noncommittal.
You visited 2 branches of the dungeon, and saw 8 of its levels.

You collected 235 gold pieces.

Inventory:

Hand Weapons
 k - a +1 short sword of holy wrath
 n - a +4 dagger of venom
 p - a +3 quarterstaff of chaos (weapon)
 s - a +4 scythe
Missiles
 a - 2 datura-tipped darts (quivered)
Armour
 q - a +0 cloak (worn)
 t - a +4 ring mail (worn)
 D - a +2 hat (worn)
 I - a +0 robe of fire resistance
Magical Staves
 E - a staff of death
Jewellery
 y - a +6 ring of strength (left hand)
 z - a ring of willpower (right hand)
 B - a ring of resist corrosion
Wands
 F - a wand of roots (3)
Scrolls
 b - a scroll of brand weapon
 i - 2 scrolls of magic mapping
 j - 6 scrolls of fear {unknown}
 m - a scroll of amnesia
 o - 2 scrolls of fog
 r - a scroll of poison
 u - a scroll of blinking
 v - 2 scrolls of enchant armour
 H - a scroll of teleportation
Potions
 c - a potion of mutation {unknown}
 d - a potion of lignification {unknown}
 e - a potion of haste
 f - a potion of heal wounds {unknown}
 g - a potion of brilliance {unknown}
 l - a potion of magic {unknown}
 w - 2 potions of attraction {unknown}
 x - 2 potions of invisibility {unknown}
 A - 2 potions of degeneration {unknown}
 C - a potion of ambrosia {unknown}
 G - 2 potions of might {unknown}
 J - a potion of berserk rage {unknown}


   Skills:
 + Level 3.4 Fighting
 - Level 1.7 Short Blades
 - Level 4.0(4.7) Maces & Flails
 + Level 3.9(4.7) Staves
 * Level 5.1 Armour
 + Level 4.1 Dodging
 - Level 1.0 Stealth
 - Level 3.0 Spellcasting
 + Level 4.7 Conjurations
 * Level 4.5 Necromancy
 - Level 1.0 Evocations


You had 8 spell levels left.
You knew the following spells:

 Your Spells              Type           Power      Damage    Failure   Level
a - Kiss of Death         Conj/Necr      64%        2d10      4%          1
b - Necrotise             Necr           60%        1d7       4%          1
c - Vampiric Draining     Necr           15%        2d7       16%         3

Your spell library contained the following spells:

 Spells                   Type           Power      Damage    Failure   Level
 Momentum Strike          Conj/Tloc      18%        3d8       19%         2
 Cigotuvi's Dreadful Rot  Necr/Pois/Air  12%        N/A       26%         2
 Apportation              Tloc           4%         N/A       32%         1
 Slow                     Hex            8%         N/A       32%         1
 Sting                    Tmut/Pois      8%         1d3       32%         1
 Summon Small Mammal      Summ           8%         N/A       32%         1
 Hailstorm                Conj/Ice       9%         3d4       36%         3
 Poisonous Vapours        Pois/Air       4%         N/A       43%         2
 Confusing Touch          Hex            2%         N/A       67%         3
 Ignite Poison            Fire/Tmut/Pois 2%         N/A       67%         3
 Portal Projectile        Hex/Tloc       4%         N/A       67%         3
 Tukima's Dance           Hex            2%         N/A       67%         3
 Olgreb's Toxic Radiance  Pois           2%         N/A       97%         4
 Freezing Cloud           Conj/Ice/Air   3%         6-21      99%         5
 Blade Hands              Tmut           1%         N/A       100%        5


Dungeon Overview and Level Annotations

Branches:
Dungeon (7/15)             Temple (1/1) D:4

Altars:
Ashenzari
Cheibriados
Dithmenos
Elyvilon
Fedhas
Gozag
Hepliaklqana
Kikubaaqudgha
Makhleb
Nemelex Xobeh
Okawaru
Qazlal
Ru
Sif Muna
Trog
Uskayaw
Vehumet
Wu Jian
Yredelemnul
Zin
The Shining One

Shops:
D:3 [   D:4 !

Annotations:
D:5 dig for gold


Innate Abilities, Weirdness & Mutations

You have a beak for a mouth.
You have claws for feet.
Your magical nature lets you fly swiftly and evasively.


Message History

Something barely misses you.
The orc priest miscasts a cantrip.
The orc warrior hits you with a +0 short sword!
* * * LOW HITPOINT WARNING * * *
An orc comes into view. It is wielding a +0 falchion.
Unknown command.
Okay, then.
Casting: Necrotise (safe; 4% risk of failure)
Confirm with . or Enter, or press ? or * to list all spells.
Okay, then.
Casting: Necrotise (safe; 4% risk of failure)
Confirm with . or Enter, or press ? or * to list all spells.
Aiming: Vampiric Draining (dangerous; 16% risk of failure)
Press: ? - help, Shift-Dir - straight line, p - orc warrior You draw life force from something.
You feel life coursing into your body.
The orc shouts!
You hear some strange, mumbled words.
A puff of flame appears from out of thin air!
The puff of flame hits you.
* * * LOW HITPOINT WARNING * * *
Casting: Vampiric Draining (dangerous; 16% risk of failure)
Confirm with . or Enter, or press ? or * to list all spells.
Aiming: Vampiric Draining (dangerous; 16% risk of failure)
Press: ? - help, Shift-Dir - straight line You draw life force from something!
You feel life coursing into your body. Something hits you but does no damage.
The orc priest calls down the wrath of Beogh upon you.
Beogh smites you!
* * * LOW HITPOINT WARNING * * *
Casting: Vampiric Draining (dangerous; 16% risk of failure)
Confirm with . or Enter, or press ? or * to list all spells.
Aiming: Vampiric Draining (dangerous; 16% risk of failure)
Press: ? - help, Shift-Dir - straight line You draw life force from something.
Kikubaaqudgha accepts your kill.
Reactivating autopickup.
You feel a bit more experienced.
You feel life coursing into your body.
The orc priest calls down the wrath of Beogh upon you.
Beogh smites you!
You die...
Kikubaaqudgha rasps: "You have failed me!
Welcome... death!"

#.# ... #.# .o.
#.# #######o#
#.....oo# #)#
####@# #....#
########## #.##.#
#.......##.##.##.#
#.......##.......#
#.......#####.####
#.............#
.<......#######
#.......#


You could see an orc warrior (strong), an orc priest and 2 orcs.

Vanquished Creatures
  Sigmund (D:3)
  An ogre (D:6)
  A bullfrog (D:6)
  5 wights (D:6)
  3 howler monkeys
  Crazy Yiuf (D:2)
  2 orc priests (D:6)
  A hound (D:6)
  Jessica (D:3)
  Ijyb (D:5)
  3 iguanas
  5 orc wizards
  Robin (D:1)
  12 adders
  A shadow imp (D:6)
  An ufetubus (D:6)
  6 dart slugs
  9 orcs
  7 bats
  6 endoplasms
  A giant cockroach (D:2)
  7 hobgoblins
  4 jackals (D:1)
  2 quokkas
  9 ball pythons
  2 frilled lizards
  11 goblins
  5 kobolds
  8 rats
117 creatures vanquished.

Notes
Turn   | Place    | Note
-------+----------+-------------------------------------------
     0 | D:1      | monsoonserge the Tengu Reaver began the quest for the Orb.
     0 | D:1      | Reached XP level 1. HP: 12/12 MP: 4/4
    76 | D:1      | Reached XP level 2. HP: 13/17 MP: 6/6
   486 | D:1      | Reached XP level 3. HP: 21/21 MP: 7/7
   682 | D:2      | Reached skill level 1 in Necromancy
   871 | D:2      | Reached skill level 1 in Short Blades
   871 | D:2      | Reached XP level 4. HP: 9/23 MP: 6/8
  1009 | D:2      | Noticed Robin
  1020 | D:1      | Reached skill level 1 in Armour
  1084 | D:1      | Killed Robin
  1193 | D:2      | Found a runed translucent door.
  1194 | D:2      | Noticed Crazy Yiuf
  1353 | D:2      | Found a faded altar of an unknown god.
  1584 | D:2      | Killed Crazy Yiuf
  1585 | D:2      | Gained mutation: Your magical nature lets you fly swiftly
                  | and evasively. [Tengu growth]
  1585 | D:2      | Reached XP level 5. HP: 16/25 MP: 7/9
  1691 | D:3      | Noticed Sigmund
  1699 | D:3      | Killed Sigmund
  1700 | D:3      | Reached skill level 3 in Armour
  1700 | D:3      | Reached skill level 1 in Stealth
  1700 | D:3      | Reached XP level 6. HP: 4/37 MP: 6/10
  1862 | D:3      | Noticed Jessica
  1867 | D:3      | Killed Jessica
  1928 | D:3      | Found Lafel's Antique Armour Shoppe.
  2268 | D:4      | Found Jyoczon's Distillery.
  2303 | D:4      | Found a staircase to the Ecumenical Temple.
  2349 | Temple   | Entered the Ecumenical Temple
  2349 | Temple   | Found a transporter.
  2349 | Temple   | Found a transporter.
  2351 | Temple   | Found a transporter.
  2351 | Temple   | Found a transporter.
  2418 | D:4      | You are sucked into a shaft and drop 2 floors!
  2462 | D:6      | Reached skill level 1 in Staves
  2612 | D:5      | Entered Level 5 of the Dungeon
  2702 | D:5      | Reached XP level 7. HP: 41/41 MP: 11/11
  2717 | D:5      | Reached skill level 4 in Armour
  3340 | D:5      | Noticed a yak
  3341 | D:5      | Noticed a wyvern
  3366 | D:5      | Found a sacrificial altar of Ru.
  3463 | Temple   | Became a worshipper of Kikubaaqudgha
  3472 | Temple   | Learned a level 1 spell: Necrotise
  3476 | Temple   | Learned a level 3 spell: Vampiric Draining
  3539 | D:5      | Noticed Ijyb
  3551 | D:5      | Killed Ijyb
  3798 | D:5      | Found a shimmering blue altar of Sif Muna.
  4312 | D:6      | Reached XP level 8. HP: 38/43 MP: 12/12
  4460 | D:6      | Reached skill level 5 in Armour
  4460 | D:6      | Reached skill level 1 in Evocations
  4506 | D:6      | Found a bloodstained altar of Trog.
  4506 | D:6      | Found a hide-covered altar of Uskayaw.
  4821 | D:7      | Killed from afar by an orc priest

Illustrated notes

Levels and vault maps discovered:
D:1:      eino_arrival_druids_welcome, layout_basic
D:2:      layout_basic, shapermc_ecumenical_altar_mp_highgroup, hex_medium,
          minmay_door_square, kennysheep_generic_room_4,
          uniq_crazy_yiuf_cottage, uniq_robin
D:3:      layout_rooms, serial_shops, shop, corexii_shack, uniq_sigmund,
          uniq_jessica
D:4:      layout_gridville, minmay_temple_entry_trees, serial_shops,
          nicolae_shop_industrial_runoff
D:5:      layout_cave_pools, nicolae_sif_muna_little_library,
          nicolae_ru_great_annihilating_truth, lightli_corner_chamber, uniq_ijyb
D:6:      layout_basic, mainiacjoe_overflow_divided_tiny
D:7:      layout_loops_cross
Temple:   hellmonk_temple_divided_pantheon

Skill      XL: |  1  2  3  4  5  6  7  8 |
---------------+-------------------------+-----
Maces & Flails | 4 |  4.0
Necromancy     | 1 2 4 |  4.5
Short Blades   | 1 |  1.7
Armour         | 1 3 4 5 |  5.1
Fighting       | 3 |  3.4
Dodging        | 3 4 |  4.1
Stealth        | 1 |  1.0
Staves         | 1 3 |  3.9
Spellcasting   | 3 |  3.0
Evocations     | 1 |  1.0
Conjurations   | |  4.7

Action                     |  1- 3 |  4- 6 |  7- 9 || total
---------------------------+-------+-------+-------++-------
  Melee: Mace              |    70 |       |       ||    70
         Kick              |    15 |    16 |    27 ||    58
         Peck              |    13 |    11 |    19 ||    43
         Punch             |     1 |       |       ||     1
         Short sword       |    36 |     6 |       ||    42
         Dagger            |       |    15 |       ||    15
         Quarterstaff      |       |    53 |    84 ||   137
         Staff             |       |       |    24 ||    24
   Cast: Kiss of Death     |     1 |     5 |     2 ||     8
         Necrotise         |       |       |    23 ||    23
         Vampiric Draining |       |       |     3 ||     3
    Use: Scroll            |       |       |     8 ||     8
   Stab: Paralysed         |       |     1 |     1 ||     2
 Armour: Leather armour    |    47 |     4 |       ||    51
         Ring mail         |       |    19 |    42 ||    61
  Dodge: Dodged            |    84 |    63 |    70 ||   217
